 Dungeon Crawl Stone Soup version 0.20.0-8-g6b59dc7 (webtiles) character file.

13174 Lochraine the Covert (level 12, -3/72 HPs)
             Began as a Kobold Air Elementalist on June 1, 2017.
             Was an Elder of Dithmenos.
             Slain by an unseen horror (11 damage)
             ... on level 11 of the Dungeon.
             The game lasted 00:42:27 (13597 turns).

Lochraine the Covert (Kobold Air Elementalist)     Turns: 13597, Time: 00:42:28

Health: -3/72      AC:  9    Str:  4 (5)  XL:     12   Next: 29%
Magic:  3/23       EV: 21    Int: 22 (23) God:    Dithmenos [****..]
Gold:   180        SH:  0    Dex: 15 (17) Spells: 5/25 levels left

rFire    . . .     SeeInvis .   r - +1 dagger (venom)
rCold    . . .     Gourm    .   (shield restricted)
rNeg     . . .     Faith    .   K - +0 robe {MR+}
rPois    .         Spirit   .   t - +2 helmet {Int+3}
rElec    .         Reflect  .   A - +0 cloak
rCorr    .         Harm     .   (no gloves)
MR       +....                  o - +2 pair of boots
Stlth    +++++++...             p - amulet of rage
Regen    0.3/turn               y - +1 ring of slaying
MPRegen  0.2/turn               I - ring of wizardry

@: wreathed by umbra
A: carnivore 3
a: Shadow Step, Renounce Religion, Evoke Berserk Rage


You were on level 11 of the Dungeon.
You worshipped Dithmenos.
Dithmenos was greatly pleased with you.
You were very full.

You visited 1 branch of the dungeon, and saw 11 of its levels.
You also visited: Sewer.

You collected 673 gold pieces.
You spent 493 gold pieces at shops.

Inventory:

Hand Weapons
 r - a +1 dagger of venom (weapon)
   (You took it off a goblin on level 2 of the Dungeon)
Missiles
 E - a throwing net (quivered) {!f}
Armour
 o - a +2 pair of boots (worn)
   (You found it on level 2 of the Dungeon)
 t - a +2 helmet of intelligence (worn)
   (You bought it in a shop on level 7 of the Dungeon)
 w - a +0 buckler
   (You found it on level 3 of the Dungeon)
 A - a +0 cloak (worn)
   (You found it on level 4 of the Dungeon)
 D - a +0 troll leather armour {Purgy}
   (You found it on level 4 of the Dungeon)
 K - a +0 robe of magic resistance (worn)
   (You took it off Pikel on level 6 of the Dungeon)
Jewellery
 f - an uncursed ring of ice
   (You took it off an orc on level 10 of the Dungeon)
 m - an uncursed ring of resist corrosion
   (You found it on level 5 of the Dungeon)
 p - an amulet of rage (around neck)
   (You found it on level 2 of the Dungeon)
 y - a +1 ring of slaying (left hand)
   (You found it on level 3 of the Dungeon)
 I - a ring of wizardry (right hand)
   (You took it off a kobold on level 10 of the Dungeon)
 Q - an uncursed ring of fire
   (You found it on level 11 of the Dungeon)
Wands
 c - a wand of disintegration (2/24)
   (You found it on level 6 of the Dungeon)
 x - a wand of acid (4/15)
   (You found it on level 10 of the Dungeon)
Scrolls
 e - 2 scrolls of recharging
 k - 2 scrolls of magic mapping
 n - 2 scrolls of fog
 B - 4 scrolls of identify {@r1}
 F - 2 scrolls of remove curse {@r2}
 J - 3 scrolls of amnesia
Potions
 d - 3 potions of agility
 g - 8 potions of curing {@q1}
 h - 4 potions of brilliance
 i - a potion of haste {unknown}
 l - a potion of cancellation {unknown}
 s - a potion of ambrosia {unknown}
 C - 2 potions of magic
 G - 5 potions of flight
 N - a potion of berserk rage {unknown}
 O - a potion of degeneration {!q}
Books
 b - a book of Air
 z - a book of Minor Magic
   (You found it on level 3 of the Dungeon)
Comestibles
 u - 6 royal jellies
 H - 4 meat rations


   Skills:
 + Level 7.4 Fighting
 + Level 7.2 Short Blades
 + Level 9.0 Dodging
 + Level 10.7 Stealth
 - Level 7.4 Spellcasting
 - Level 7.6 Conjurations
 - Level 8.6 Air Magic
 - Level 2.4 Poison Magic


You had 5 spell levels left.
You knew the following spells:

 Your Spells              Type           Power        Failure   Level  Hunger
a - Shock                 Conj/Air       ####         1%          1    None
b - Static Discharge      Conj/Air       #####...     1%          3    None
c - Blink                 Tloc           N/A          4%          2    None
d - Mephitic Cloud        Conj/Pois/Air  #####...     1%          3    None
e - Airstrike             Air            #####.....   1%          4    ###....
f - Lightning Bolt        Conj/Air       #####.....   3%          5    #####..
s - Swiftness             Chrm/Air       ####....     1%          2    None


Dungeon Overview and Level Annotations

Branches:
Dungeon (11/15)            Temple (0/1) D:5             Orc (0/2) D:11
   Lair: D:8-11

Altars:
Dithmenos
Nemelex Xobeh
Qazlal
Ru
Sif Muna
Trog
Zin
The Shining One

Shops:
D:4 *   D:7 [   D:8 *   D:10 [

Annotations:
D:2 1 runed door, Sigmund


Innate Abilities, Weirdness & Mutations

You are small and have problems with some larger weapons.
You are carnivorous and can eat meat at any time.


Message History

The centaur warrior zombie completely misses your crimson imp.
Something barely misses you.
The centaur warrior zombie barely misses your crimson imp.
Something hits you!
* * * LOW HITPOINT WARNING * * *
Your crimson imp hits the centaur warrior zombie.
Your orc hits the centaur warrior zombie with a flail.
Okay, then.
Okay, then.
It was a potion of degeneration.
There was something very wrong with that liquid.
You feel weakened.
You feel dopey.
You feel clumsy.
The yak bellows!
Something hits you!
* * * LOW HITPOINT WARNING * * *
The two-headed ogre hits your worker ant with a giant spiked club!
The two-headed ogre hits your worker ant with a giant spiked club.
The centaur warrior zombie hits your crimson imp!
Something hits you but does no damage.
Your worker ant bites the two-headed ogre.
Your crimson imp hits the centaur warrior zombie.
Okay, then.
Unknown command.
Okay, then.
Okay, then.
Unknown command.
Unknown command.
Okay, then.
Okay, then.
Unknown command.
Unknown command.
The ball explodes into a vile cloud!
The stinking cloud engulfs the two-headed ogre.
Something closely misses you.
The centaur warrior zombie hits your crimson imp.
Your orc barely misses the centaur warrior zombie.
Your worker ant barely misses the two-headed ogre.
The two-headed ogre barely misses your worker ant.
The two-headed ogre hits your worker ant with a giant spiked club!
Your worker ant dies!
Your worker ant's corpse dissolves into shadows!
The centaur warrior zombie barely misses your crimson imp.
Your crimson imp hits the centaur warrior zombie.
Something hits you.
* * * LOW HITPOINT WARNING * * *
Your orc hits the centaur warrior zombie with a flail.
The centaur warrior zombie hits your crimson imp but does no damage.
Your crimson imp barely misses the centaur warrior zombie.
You swap places.
Something hits you!
You die...

#....... #......#
######..§..:.
##.......§§§#
###.........§§#
##.........##O.## ##
........#.###YY.###..#
.......###.##.#5{..#
......## #....##@o##
.....## #..Y.#.Z#.#
..Y..# ##Y##$.### ..
.Y##Y####†####.# ## Y#
#..##†.# #.# .
##..YY..####.###
###.Z.Y...##.....##
...................#
..................##


You could see a two-headed ogre, 2 yaks, a centaur warrior zombie, a friendly
crimson imp and a friendly orc.

Vanquished Creatures
  A hydra (D:8)
  4 two-headed ogres
  An unseen horror (D:10)
  Pikel (D:6)
  3 gargoyles
  The ghost of ThereIsNoGod the Thaumaturge, a novice SpEE of Sif Muna (Sewer)
  A troll (D:10)
  2 dream sheep (D:8)
  8 yaks
  A wyvern (D:11)
  A wraith (D:10)
  A hungry ghost (D:11)
  A porcupine (D:10)
  Purgy (D:4)
  2 black bears
  4 sky beasts
  A necrophage (D:9)
  5 orc warriors
  An ice beast (D:10)
  2 phantoms (D:9)
  6 centaurs
  4 ogres
  6 bullfrogs
  5 big kobolds
  5 scorpions
  10 killer bees (D:7)
  8 wights
  2 howler monkeys (D:10)
  3 crimson imps
  2 quasits
  4 bullfrog skeletons
  4 centaur zombies
  5 orc priests
  5 hounds
  A jelly (D:6)
  A centaur skeleton (D:6)
  8 orc wizards
  3 worker ants
  6 iguanas
  A worker ant zombie (D:5)
  2 howler monkey zombies
  Robin (D:3)
  12 adders
  3 gnolls (D:4)
  2 river rats (Sewer)
  An adder skeleton (D:5)
  An adder zombie (D:7)
  3 worms (D:3)
  5 dart slugs
  6 leopard geckos
  41 orcs
  18 giant cockroaches
  20 goblins
  10 hobgoblins
  8 jackals
  15 kobolds
  8 quokkas
  A ball python (D:2)
  7 bats
  7 frilled lizards
  A quokka skeleton (D:9)
  11 rats
314 creatures vanquished.

Vanquished Creatures (others)
  A slave (D:6)
  An orc wizard (D:4)
  A gnoll (D:6)
  23 fungi (D:11)
  20 plants
46 creatures vanquished.

Grand Total: 360 creatures vanquished

Notes
Turn   | Place    | Note
-------+----------+-------------------------------------------
     0 | D:1      | Lochraine the Kobold Air Elementalist began the quest for the Orb.
     0 | D:1      | Reached XP level 1. HP: 10/10 MP: 3/3
   203 | D:1      | Reached XP level 2. HP: 15/15 MP: 0/5
   553 | D:1      | Reached XP level 3. HP: 19/19 MP: 3/6
   799 | D:1      | Learned a level 2 spell: Swiftness
  1490 | D:2      | Reached XP level 4. HP: 22/24 MP: 4/8
  1698 | D:2      | Found a runed door.
  1793 | D:2      | Noticed Sigmund
  1841 | D:2      | Learned a level 3 spell: Static Discharge
  2024 | D:2      | Reached XP level 5. HP: 27/28 MP: 5/9
  2564 | D:3      | Noticed Robin
  2631 | D:3      | Found a glowing golden altar of the Shining One.
  2631 | D:3      | Found a stormy altar of Qazlal.
  2640 | D:3      | Found a sparkling altar of Nemelex Xobeh.
  2724 | D:3      | Killed Robin
  3495 | D:3      | Found a shadowy altar of Dithmenos.
  3507 | D:3      | Reached XP level 6. HP: 31/32 MP: 9/11
  3514 | D:3      | Became a worshipper of Dithmenos the Shadowed
  3689 | D:3      | Learned a level 3 spell: Mephitic Cloud
  3798 | D:4      | Found a glowing silver altar of Zin.
  4077 | D:4      | Learned a level 2 spell: Blink
  4414 | D:4      | Found Xaext's General Store.
  4671 | D:4      | Noticed an ogre
  4685 | D:4      | Killed an ogre
  5049 | D:4      | Noticed Purgy
  5060 | D:4      | Reached skill level 3 in Stealth
  5060 | D:4      | Reached XP level 7. HP: 36/36 MP: 2/12
  5082 | D:4      | Killed Purgy
  5102 | D:4      | Reached * piety under Dithmenos
  5248 | D:4      | Reached skill level 5 in Dodging
  5564 | D:5      | Entered Level 5 of the Dungeon
  5655 | D:5      | Found a staircase to the Ecumenical Temple.
  5882 | D:5      | Reached skill level 1 in Short Blades
  5933 | D:5      | Reached skill level 4 in Stealth
  5975 | D:5      | Reached skill level 5 in Air Magic
  6085 | D:5      | Reached XP level 8. HP: 40/41 MP: 14/14
  6657 | D:6      | Found a glowing drain.
  6666 | D:6      | Reached ** piety under Dithmenos
  6718 | Sewer    | Entered a sewer
  6758 | Sewer    | Noticed ThereIsNoGod's ghost (novice SpEE)
  6785 | Sewer    | Killed ThereIsNoGod's ghost
  6785 | Sewer    | Reached skill level 1 in Poison Magic
  6824 | Sewer    | Reached skill level 5 in Spellcasting
  6918 | Sewer    | Found a glowing silver altar of Zin.
  6986 | D:6      | Found a shadowy altar of Dithmenos.
  7310 | D:6      | Noticed Pikel
  7320 | D:6      | Reached XP level 9. HP: 45/45 MP: 14/17
  7366 | D:6      | Killed Pikel
  7366 | D:6      | Reached skill level 6 in Stealth
  7366 | D:6      | Reached skill level 5 in Conjurations
  7475 | D:6      | Learned a level 4 spell: Airstrike
  7547 | D:6      | Reached *** piety under Dithmenos
  8087 | D:7      | Found a bloodstained altar of Trog.
  8110 | D:7      | Reached skill level 7 in Stealth
  8286 | D:7      | Reached XP level 10. HP: 47/56 MP: 12/18
  8288 | D:7      | Found Lumaolesm's Armour Boutique.
  8313 | D:7      | Bought a +2 helmet of intelligence for 301 gold pieces
  8748 | D:8      | Found a sacrificial altar of Ru.
  8811 | D:8      | Noticed a two-headed ogre
  8827 | D:8      | Killed a two-headed ogre
  8827 | D:8      | Reached skill level 8 in Stealth
  8977 | D:8      | Reached **** piety under Dithmenos
  9253 | D:8      | Reached skill level 5 in Fighting
  9441 | D:8      | Noticed a two-headed hydra
  9458 | D:8      | Killed a two-headed hydra
  9595 | D:8      | Reached XP level 11. HP: 64/64 MP: 15/21
  9835 | D:8      | Found Rorphuih's Assorted Antiques.
  9842 | D:8      | Bought a scroll labeled GECUG DUZXAINU for 22 gold pieces
  9842 | D:8      | Bought a scroll labeled HOKUOHONAEQ for 22 gold pieces
 10104 | D:9      | Learned a level 5 spell: Lightning Bolt
 10126 | D:9      | Found a bloodstained altar of Trog.
 10454 | D:9      | Noticed a two-headed ogre
 10459 | D:9      | Killed a two-headed ogre
 10619 | D:9      | Found a deep blue altar of Sif Muna.
 10782 | D:10     | Entered Level 10 of the Dungeon
 10783 | D:10     | Found a glowing golden altar of the Shining One.
 10868 | D:10     | Found Raurr's Antique Armour Shop.
 10873 | D:10     | Bought a tattered robe for 148 gold pieces
 10874 | D:10     | Identified the +1 robe "Reaczualoum" {Str+2} (You bought it in a shop on level 10 of the Dungeon)
 10923 | D:10     | Noticed a two-headed ogre
 10924 | D:10     | Reached skill level 9 in Stealth
 10957 | D:10     | Killed a two-headed ogre
 11006 | D:10     | Reached skill level 5 in Short Blades
 11759 | D:10     | Killed an unseen horror
 12199 | D:10     | Noticed a two-headed ogre
 12203 | D:10     | Killed a two-headed ogre
 12203 | D:10     | Reached skill level 10 in Stealth
 12203 | D:10     | Reached XP level 12. HP: 51/71 MP: 2/23
 12993 | D:11     | Found a staircase to the Orcish Mines.
 13210 | D:11     | Noticed a two-headed ogre
 13597 | D:11     | Slain by an unseen horror

Skill      XL: |  1  2  3  4  5  6  7  8  9 10 11 12 |
---------------+-------------------------------------+-----
Dodging        | 3 4 5 6 8 9 |  9.0
Conjurations   | 2 3 4 6 7 |  7.6
Spellcasting   | 3 4 5 6 7 |  7.4
Air Magic      | 4 5 6 7 8 |  8.6
Stealth        | 3 4 7 8 10 | 10.7
Short Blades   | 1 2 6 7 |  7.2
Poison Magic   | 2 |  2.4
Fighting       | 3 5 6 7 |  7.4

Action                   |  1- 3 |  4- 6 |  7- 9 | 10-12 || total
-------------------------+-------+-------+-------+-------++-------
Melee: Unarmed           |     2 |       |       |       ||     2
       Spear             |    16 |     9 |       |       ||    25
       Rapier            |       |    16 |       |       ||    16
       Dagger            |       |    90 |   187 |   200 ||   477
 Cast: Shock             |    62 |   103 |   145 |   253 ||   563
       Swiftness         |       |     1 |       |       ||     1
       Mephitic Cloud    |       |     2 |     2 |     4 ||     8
       Airstrike         |       |       |       |    17 ||    17
       Lightning Bolt    |       |       |       |    19 ||    19
Invok: Shadow Step       |       |       |       |     3 ||     3
 Abil: Evoke Berserk Rag |       |       |     1 |       ||     1
Evoke: Wand              |       |       |     3 |     3 ||     6
  Use: Scroll            |       |     7 |     2 |    17 ||    26
       Potion            |       |       |       |     3 ||     3
 Stab: Distracted        |     1 |       |     2 |     1 ||     4
       Sleeping          |       |     4 |     7 |    14 ||    25
       Confused          |       |       |       |     1 ||     1
  Eat: Chunk             |    11 |    11 |    11 |    23 ||    56
Armor: Robe              |     3 |    24 |     2 |    47 ||    76
       Troll leather arm |       |       |    36 |    26 ||    62
Dodge: Dodged            |    17 |   128 |   207 |   316 ||   668
